Map: Cyber Forest LE

Players

TiPtOP

  • Race: Terran Terran
  • League: Silver
  • Spawn Location: 5:00

anonking - Winner!

  • Race: Zerg Zerg
  • League: Silver
  • Spawn Location: 11:00

VOD

Have the link to the VOD?

Description

Time

  • Played on: Aug. 19, 2019, 9:33 a.m.
  • Length: 24:02
Show
View Real Time Build Order
Export as new Build Order

TiPtOP Terran 

Build Orders: Mech 

Get SALT Encoding   

  12  0:01  SCV  
  13  0:13  SCV  
  14  0:21  Supply Depot  
  14  0:25  SCV  
  15  0:42  SCV  
  16  0:46  Barracks  
  16  0:50  Refinery  
  16  0:54  SCV  
  17  1:02  Supply Depot  
  17  1:08  SCV  
  18  1:21  SCV  
  19  1:34  Orbital Command  
  19  1:35  Marine  
  20  1:47  Bunker  
  20  2:03  SCV  
  21  2:11  Command Center  
  21  2:18  Factory  
  21  2:26  Barracks Reactor  
  21  2:29  Barracks Tech Lab  
  21  2:40  Command Center, Supply Depot  
  21  2:43  SCV  
  22  3:04  Supply Depot  
  22  3:10  SCV  
  23  3:14  Refinery  
  23  3:16  Marine  
  23  3:19  Siege Tank  
  27  3:23  SCV  
  28  3:27  Supply Depot  
  28  3:39  Engineering Bay  
  28  3:52  Siege Tank  
  28  3:53  Orbital Command  
  31  4:08  Factory  
  31  4:22  SCV  
  32  4:24  SCV  
  33  4:33  Siege Tank  
  33  4:34  SCV  
  33  4:36  SCV  
  38  4:46  SCV  
  38  4:48  SCV  
  38  4:52  Factory  
  40  4:58  SCV  
  41  5:03  Missile Turret  
  41  5:04  Factory Tech Lab  
  41  5:10  SCV, Armory  
  42  5:15  Refinery  
  42  5:17  Refinery  
  42  5:22  SCV  
  42  5:25  Command Center  
  43  5:51  SCV x2, Armory  
  43  5:52  Supply Depot  
  43  5:53  Supply Depot  
  45  6:03  SCV  
  46  6:13  Missile Turret  
  46  6:14  Factory Reactor  
  46  6:16  Thor  
  46  6:17  Hellion  
  54  6:22  SCV  
  55  6:26  SCV  
  56  6:34  SCV  
  56  6:38  SCV  
  58  6:45  Infernal Pre-Igniter  
  58  6:46  SCV  
  59  6:50  SCV  
  60  7:07  Supply Depot  
  60  7:12  Terran Vehicle Weapons Level 1, Supply Depot x2  
  60  7:14  Orbital Command, Supply Depot  
  60  7:23  Missile Turret  
  58  7:45  Thor x2  
  58  7:47  Hellbat x2  
  58  7:49  Orbital Command  
  74  8:04  Command Center  
  74  8:17  SCV x3  
  77  8:24  Hellbat x2  
  81  8:28  Thor x2  
  81  8:29  SCV  
  94  8:38  SCV x2  
  85  9:10  Hellion x2  
  85  9:11  Thor x2  
  97  9:26  Hellion x2  
  97  9:28  Command Center  
  93  9:35  Hellion x2  
  95  9:54  Hellion, Thor  
  95  9:57  Hellion x2  
  103  10:16  Hellion  
  103  10:18  Hellion x2  
  109  10:26  Orbital Command  
  109  10:37  Hellion x2  
  109  10:39  Hellion  
  103  11:33  Hellion  
  103  11:34  Hellion x3  
  103  11:55  SCV  
  104  12:06  Hellion x2  
  104  12:07  Hellion x2, SCV  
  113  12:19  SCV, Orbital Command  
  114  12:23  SCV  
  114  12:24  SCV  
  116  12:31  SCV  
  116  12:36  SCV  
  118  12:43  Refinery, Orbital Command  
  118  12:48  Factory  
  118  12:49  Factory, Refinery  
  118  12:50  Factory  
  112  13:30  SCV  
  113  13:39  SCV  
  113  13:40  SCV x2  
  113  13:43  SCV  
  114  13:50  Factory Tech Lab x2  
  114  13:51  Thor x6  
  114  13:52  SCV x2  
  113  14:31  Hellion x9  
  107  14:41  Missile Turret  
  105  14:59  Thor x2  
  117  15:01  Thor  
  117  15:02  Thor  
  99  15:55  Command Center  
  92  16:15  Command Center  
  92  16:24  Command Center  
  83  16:36  Factory Tech Lab x2  
  80  17:35  Widow Mine x3  
  86  17:38  SCV  
  87  17:44  Barracks  
  87  17:50  Thor, SCV  
  84  18:13  Barracks  
  78  18:41  Hellion x3  
  83  19:08  Supply Depot  
  83  19:09  Supply Depot  
  81  19:21  Command Center  
  81  19:30  Barracks Reactor, SCV  
  82  19:31  Supply Depot  
  82  19:42  SCV  
  82  19:43  Missile Turret  
  82  19:44  Missile Turret  
  83  19:49  Missile Turret  
  83  19:52  Missile Turret  
  83  19:53  Missile Turret  
  83  19:54  SCV  
  84  20:00  Barracks Reactor  
  84  20:08  Missile Turret  
  84  20:09  Missile Turret  
  84  20:11  Factory Tech Lab  
  84  20:12  Armory  
  84  20:19  Armory  
  84  20:20  Missile Turret  
  84  20:38  Factory  
  41  21:13  Hellbat x5  
  45  21:22  Factory  
  45  21:25  Marine x2  
  41  21:34  Thor, Hellbat x2  
  50  21:43  Marine x2  
  48  21:53  Factory Reactor  
  46  21:57  Hellbat  
  46  21:58  Hellbat  
  46  22:07  Factory  
  31  22:33  Hellbat  
  31  22:34  Hellbat x2  
  24  23:07  SCV  
  25  23:36  SCV  
Show
View Real Time Build Order
Export as new Build Order

anonking Zerg - Winner!

Build Orders: Hatch First 

Get SALT Encoding   

  12  0:03  Drone  
  13  0:10  Drone  
  13  0:13  Extractor  
  13  0:21  Drone  
  14  0:29  Overlord  
  14  0:57  Hatchery  
  13  1:06  Drone x2  
  13  1:07  Drone  
  16  2:02  Drone x3  
  16  2:07  Spawning Pool  
  18  2:14  Drone  
  19  2:16  Extractor  
  19  2:18  Drone  
  19  2:35  Pneumatized Carapace  
  19  2:36  Drone x2  
  21  2:38  Drone  
  21  2:43  Hatchery  
  21  2:55  Drone x2  
  23  3:05  Roach Warren  
  22  3:08  Drone  
  22  3:09  Drone x2  
  22  3:11  Drone  
  26  3:27  Queen  
  26  3:33  Overlord  
  28  4:01  Drone x2  
  28  4:02  Drone  
  31  4:03  Queen  
  31  4:04  Overlord x3  
  33  4:14  Roach  
  33  4:16  Roach x2  
  39  4:19  Drone  
  40  4:24  Queen  
  40  4:26  Queen  
  44  4:51  Roach x4  
  44  4:52  Roach  
  54  4:53  Drone x3  
  54  4:55  Drone x3  
  60  5:15  Drone  
  60  5:18  Drone x3  
  60  5:20  Drone  
  65  5:28  Drone  
  66  5:30  Overlord x3  
  66  6:14  Overlord x3  
  66  6:16  Roach  
  66  6:17  Roach x3  
  74  6:18  Drone  
  74  6:19  Drone x4  
  74  6:22  Extractor  
  78  6:26  Extractor  
  77  6:36  Ravager x5  
  77  6:37  Ravager x3  
  77  6:38  Queen  
  87  6:44  Extractor  
  87  6:46  Extractor  
  85  7:05  Roach x3  
  85  7:06  Drone  
  85  7:07  Roach x2  
  85  7:08  Drone, Roach  
  99  7:09  Roach  
  80  7:50  Drone  
  80  7:51  Roach x4  
  85  7:52  Roach  
  85  7:53  Roach  
  85  7:54  Roach x4  
  101  8:15  Drone  
  101  8:16  Roach x4  
  101  8:17  Roach  
  101  8:18  Roach  
  114  8:22  Overlord x3  
  112  9:14  Lair  
  79  10:12  Roach x4  
  79  10:13  Roach x3  
  93  10:14  Roach x2  
  93  10:15  Roach x5  
  93  10:16  Roach  
  109  10:23  Spire  
  108  10:32  Roach Warren  
  107  10:41  Evolution Chamber  
  110  10:42  Roach  
  110  10:43  Roach x2  
  110  10:46  Roach x2  
  110  10:47  Roach  
  110  10:48  Roach x3  
  88  11:49  Overlord  
  88  11:50  Mutalisk x2  
  88  11:52  Mutalisk x3  
  98  11:54  Mutalisk x3  
  104  12:22  Mutalisk x2  
  104  12:23  Mutalisk  
  104  12:24  Overlord  
  104  12:25  Overlord  
  110  12:34  Mutalisk x2  
  110  12:35  Mutalisk x6  
  126  12:40  Overlord  
  102  13:34  Mutalisk  
  102  13:35  Mutalisk x6  
  102  13:36  Mutalisk x5  
  102  13:37  Mutalisk x6  
  102  13:38  Mutalisk x2  
  142  13:55  Mutalisk x3  
  146  14:15  Mutalisk x3  
  152  14:17  Overlord x2  
  152  14:18  Overlord x5  
  115  17:07  Mutalisk x2  
  115  17:08  Mutalisk x5  
  121  17:09  Mutalisk x6  
  121  17:10  Mutalisk x4  
  117  19:16  Queen  
  115  19:19  Zergling x4  
  115  19:20  Zergling x14  
  115  19:21  Zergling x10  
  115  19:22  Zergling x10  
  115  19:23  Zergling x10  
  115  19:24  Zergling x8  
  143  19:42  Mutalisk  
  143  19:43  Zergling x2  
  143  19:44  Zergling x12  
  143  19:45  Zergling x12  
  157  19:46  Zergling x6  
  157  19:47  Roach x5  
  157  19:48  Roach x5  
  157  19:49  Roach  
  183  20:29  Roach x2  
  183  20:30  Roach x5  
  183  20:31  Roach  
  131  21:18  Zergling x10  
  131  21:19  Zergling x8  
  131  21:20  Zergling x4  
  100  22:07  Roach x3  
  100  22:08  Roach x5  
  113  22:09  Roach x5  
  113  22:10  Roach x6  
  113  22:11  Roach x5  
  91  23:01  Mutalisk x3  
  91  23:02  Mutalisk x6  
  91  23:03  Mutalisk x6  
  91  23:04  Mutalisk  
  123  23:22  Drone, Hatchery  
  119  23:53  Hatchery  
Tags
 
Composition
Mech
Matchup
TvZ
Spawn Locations
Cross Positions
Add a new tag
Caveats
  • Supply blocks, unpowered buildings, or Contaminate may cause inaccurate times.
  • Supply counts are checked every 10 seconds.